cohdb
Replays
Latest Replays
All Replays
Popular Replays
Top Player Replays
Match Explorer
How It Works
Community
CoH3 Stats
Reddit
Sign in to upload your games and track your stats! →
Sign in with Steam
Match 43383683
Unlisted
Match 43383683
Overview
Messages
Build Orders
End
Construct Section Command Post
Infantry Section
ML 3-inch Mortar Team
Infantry Section
Infantry Section
Construct Platoon Command Post
6-pounder Anti-tank Gun Team
Infantry Training
Selects Air and Sea Battlegroup
Selects Supply Surplus
Construct Field Infirmary
CMP 15cwt Truck
6-pounder Anti-tank Gun Team
Construct Field Infirmary
Construct Company Command Post
Forward Retreat Point
Team Weapon Training
Construct Field Infirmary
Foot Guards Section
Forward Retreat Point
Jonnies
Peppered Angus
周末不日常
Tharrats
[CoA] Deathkrieg
TacticalVanguard
Zerg6412
simranjitsingh713
0
0
Comments
sign in to comment!
No comments posted yet!